 Dungeon Crawl Stone Soup version 0.29-a0-1027-gcd8c55af63 (webtiles) character file.

Game seed: 9047273938501272500

162 Sabo the Conjurer (level 5, -5/31 HPs)
             Began as an Octopode Conjurer on Aug 13, 2022.
             Was a Follower of Ru.
             Killed by nerve-wracking pain
             ... invoked by an orc priest
              (8 damage)
             ... on level 3 of the Dungeon.
             The game lasted 00:18:56 (3857 turns).

Sabo the Conjurer (Octopode Conjurer)               Turns: 3857, Time: 00:18:56

Health: -5/31      AC:  1    Str:  6    XL:     5   Next: 43%
Magic:  8/9        EV: 17    Int: 22    God:    Ru [*.....]
Gold:   81         SH:  0    Dex: 11    Spells: 7/10 levels left

rFire   . . .      SeeInvis .   m - +3 short sword
rCold   . . .      Faith    .   (no shield)
rNeg    . . .      Spirit   .   (helmet restricted)
rPois   .          Reflect  .   (no amulet)
rElec   .          Harm     .   f - +4 ring of evasion
rCorr   .          Rampage  .   (no ring)
Will    .....                   (no ring)
Stlth   +++.......              (no ring)
HPRegen 0.10/turn               (no ring)
MPRegen 0.11/turn               (no ring)
                                (no ring)
                                (no ring)

@: no status effects
A: almost no armour, amphibious, 8 rings, camouflage 1, gelatinous body 1, no
ice magic, no necromancy magic, no transmutations magic, (nimble swimmer 1),
tentacles
a: Renounce Religion


You were on level 3 of the Dungeon.
You worshipped Ru.
Ru was aware of your devotion.
You visited 1 branch of the dungeon, and saw 3 of its levels.

You collected 81 gold pieces.

Inventory:

Hand Weapons
 c - a +2 vampiric spear
 m - a +3 short sword (weapon)
Jewellery
 f - a +4 ring of evasion (left tentacle)
Wands
 j - a wand of light (5)
Scrolls
 d - a scroll of identify
 g - a scroll of teleportation
 i - a scroll of magic mapping
Potions
 a - a potion of magic
 b - a potion of mutation
 e - a potion of lignification {unknown}
 h - a potion of brilliance {unknown}
 l - a potion of berserk rage {unknown}


   Skills:
 + Level 0.2 Short Blades
 + Level 0.2 Throwing
 + Level 2.3 Dodging
 + Level 3.2 Stealth
 + Level 3.0 Spellcasting
 + Level 5.6 Conjurations


You had 7 spell levels left.
You knew the following spells:

 Your Spells              Type           Power      Damage    Failure   Level
a - Magic Dart            Conj           100%       1d8       1%          1
b - Searing Ray           Conj           56%        2d6       1%          2

Your spell library contained the following spells:

 Spells                   Type           Power      Damage    Failure   Level
 Sandblast                Erth           6%         2d5       12%         1
 Dazzling Flash           Conj/Hex       30%        N/A       12%         3
 Stone Arrow              Conj/Erth      30%        3d8       12%         3
 Fulminant Prism          Conj/Hex       7%         3d7       36%         4
 Iskenderun's Mystic Bla  Conj/Tloc      15%        2d5       36%         4
 Passwall                 Tmut/Erth      Unusable   N/A       N/A         2

Dungeon Overview and Level Annotations

Branches:
Dungeon (3/15)

Altars:
Ru


Innate Abilities, Weirdness & Mutations

You cannot wear most types of armour.
You are amphibious.
You can wear up to eight rings at the same time.
Your skin changes colour to match your surroundings (Stealth+).
Your rubbery body absorbs attacks. (AC +1, EV +1)
You cannot study or cast Ice magic.
You cannot study or cast Necromancy magic.
You cannot study or cast Transmutations magic.
((You are camouflaged when in or above water. (Stealth+)))
You have tentacles for arms and can constrict up to eight enemies at once.


Message History

You throw a javelin.
The javelin pierces through the orc priest.
The orc priest is severely wounded.
The javelin pierces through the orc but does no damage.
Throw: 2 javelins
Press: ? - help, Q - select action, (/) - cycle Shift-Dir - straight line, f/p - orc priest
Aim: an orc priest, wielding a +0 club (severely wounded, 54% to hit)
You throw a javelin.
The javelin pierces through the orc priest.
The orc priest is almost dead.
The javelin barely misses the orc.
Throw: javelin
Press: ? - help, Q - select action, (/) - cycle Shift-Dir - straight line, f/p - orc priest
Aim: an orc priest, wielding a +0 club (almost dead, 54% to hit)
You throw a javelin.
The javelin closely misses the orc priest.
The javelin pierces through the orc but does no damage.
The orc priest hits you with a +0 club.
Unknown command.
Unknown command.
Unknown command.
You hit the orc but do no damage. You grab the orc.
You squeeze the orc, but do no damage.
You constrict the orc, but do no damage.
The orc priest calls down the wrath of Beogh upon you.
Beogh smites you!
* * * LOW HITPOINT WARNING * * *
The orc closely misses you.
You hit the orc but do no damage. You squeeze the orc, but do no damage.
You constrict the orc. The orc barely misses you.
You hit the orc but do no damage.
The orc is heavily wounded.
You constrict the orc, but do no damage.
The orc hits you with a +0 club.
* * * LOW HITPOINT WARNING * * *
You hit the orc.
You kill the orc!
The orc priest invokes the aid of Beogh against you.
Pain shoots through your body!
You die...

##############
#............#
#.##########.#
#.# #.# #.#
#.# #.# #.#
#.# #.#
#####.# #@#
......# #)#
.............
#o#
...........##
#)#
.#########...
#.# .# ## #.#
.# ..o.....#
.# .o.....(#
.# #######.#


You could see an orc priest.

Vanquished Creatures
  Jessica (D:2)
  Natasha (D:2)
  6 gnolls (D:3)
  2 adders
  3 orcs (D:3)
  4 endoplasms
  A giant cockroach (D:2)
  5 hobgoblins
  4 ball pythons
  A bat (D:1)
  A frilled lizard (D:2)
  4 goblins
  4 kobolds (D:2)
  2 rats (D:2)
39 creatures vanquished.

Notes
Turn   | Place    | Note
-------+----------+-------------------------------------------
     0 | D:1      | Sabo the Octopode Conjurer began the quest for the Orb.
     0 | D:1      | Reached XP level 1. HP: 11/11 MP: 3/3
     1 | D:1      | Noticed an ogre
     8 | D:1      | Noticed a dwarf
    10 | D:1      | Noticed a merfolk
    17 | D:1      | Noticed a demonspawn
    19 | D:1      | Noticed a spriggan
   903 | D:1      | Reached XP level 2. HP: 17/17 MP: 0/5
  1084 | D:1      | Found a faded altar of an unknown god.
  1138 | D:1      | Prayed at the altar of an unknown god.
  1138 | D:1      | Became a worshipper of Ru the Awakened
  1150 | D:1      | Gained mutation: You cannot study or cast Ice magic. [Ru
                  | sacrifice]
  1150 | D:1      | Gained mutation: You cannot study or cast Transmutations
                  | magic. [Ru sacrifice]
  1150 | D:1      | Gained mutation: You cannot study or cast Necromancy magic.
                  | [Ru sacrifice]
  1150 | D:1      | Reached * piety under Ru
  1521 | D:2      | Noticed Natasha
  1923 | D:2      | Reached XP level 3. HP: 21/21 MP: 1/6
  2030 | D:2      | Noticed Jessica
  2040 | D:2      | Killed Jessica
  2119 | D:2      | Reached XP level 4. HP: 27/27 MP: 4/7
  2641 | D:2      | Learned a level 2 spell: Searing Ray
  2831 | D:2      | Killed Natasha
  2832 | D:2      | Reached skill level 5 in Conjurations
  3352 | D:3      | Reached XP level 5. HP: 31/31 MP: 5/9
  3857 | D:3      | Killed from afar by an orc priest

Illustrated notes

Levels and vault maps discovered:
D:1:      shiori_arrival_whats_in_store_for_you, layout_basic,
          serial_corexii_hall, corexii_hall_statues_u, corexii_hall_statues_t,
          chequers_hall_statues_corner_a, corexii_hall_statues_i,
          chequers_hall_statues_y, corexii_hall_statues_i,
          hellmonk_ecumenical_altar_blasted, nrook_mini_vaults
D:2:      layout_rooms, uniq_natasha, uniq_jessica
D:3:      layout_basic

Skill      XL: |  1  2  3  4  5 |
---------------+----------------+-----
Stealth        | 3 |  3.2
Conjurations   | 5 |  5.6
Spellcasting   | 3 |  3.0
Short Blades   | |  0.2
Throwing       | |  0.2
Dodging        | |  2.3

Action                   |  1- 3 |  4- 6 || total
-------------------------+-------+-------++-------
Melee: Dagger            |     9 |       ||     9
       Tentacles         |     3 |     2 ||     5
       Mace              |     7 |       ||     7
       Constrict         |     4 |     3 ||     7
       Short sword       |       |    11 ||    11
Throw: Javelin           |       |    11 ||    11
 Cast: Magic Dart        |    42 |    37 ||    79
Invok: Sacrifice Arcana  |     1 |       ||     1
  Use: Scroll            |     3 |     1 ||     4
Armor: Skin              |     1 |       ||     1
Dodge: Dodged            |    13 |     9 ||    22

Table legend: (Time is in decaauts)
 A = Elapsed time spent in this place.
 B = Non-inter-level travel time spent in this place.
 C = Inter-level travel time spent in this place.
 D = Time resting spent in this place.
 E = Time spent auto-exploring this place.
 F = Levels seen in this place.
 G = Mean time per level.
                   A        B        C        D        E       F      G
               +--------+--------+--------+--------+--------+-----+--------+
         Total |   3864 |   3864 |      0 |   1883 |      0 |   3 | 1288.0 |
       Dungeon |   3864 |   3864 |      0 |   1883 |      0 |   3 | 1288.0 |
               +--------+--------+--------+--------+--------+-----+--------+

Top non-repeatable levels by time:
     D:1: 1577 daAuts
     D:2: 1535 daAuts
     D:3: 751 daAuts
